 Seeded DCSS version 0.30-a0-830-gfe289a77b0 (webtiles) character file.

Game seed: 76754 (custom seed)

2 Fluidstar381 the Grave Robber (level 1, 0/13 HPs)
             Began as a Human Necromancer on Feb 28, 2023.
             Slain by an adder (2 damage)
             ... on level 2 of the Dungeon.
             The game lasted 00:01:55 (282 turns).

Fluidstar381 the Grave Robber (Human Necromancer)    Turns: 282, Time: 00:01:55

Health: 0/13       AC:  2    Str:  8    XL:     1   Next: 44%
Magic:  3/3        EV: 12    Int: 15    God:
Gold:   38         SH:  0    Dex: 13    Spells: 3/4 levels left

rFire   . . .      SeeInvis .    c - +0 hand axe
rCold   . . .      Faith    .    (no shield)
rNeg    . . .      Spirit   .    a - +0 robe
rPois   .          Reflect  .    (no helmet)
rElec   .          Harm     .    (no cloak)
rCorr   .          Rampage  .    (no gloves)
Will    .....                    (no boots)
Stlth   ++                       (no amulet)
HPRegen 0.22/turn                (no ring)
MPRegen 0.08/turn                (no ring)

@: lethally poisoned (0 -> -1)
A: no striking features
a: no special abilities


You were on level 2 of the Dungeon.
You visited 1 branch of the dungeon, and saw 2 of its levels.

You collected 38 gold pieces.

Inventory:

Hand Weapons
 c - a +0 hand axe (weapon)
 h - a +0 whip
Missiles
 e - 5 atropa-tipped darts
Armour
 a - a +0 robe (worn)
Potions
 b - a potion of magic
 d - a potion of heal wounds {unknown}
 f - a potion of attraction {unknown}
 g - a potion of ambrosia {unknown}


   Skills:
 + Level 2.0 Dodging
 + Level 2.1 Stealth
 + Level 2.0 Spellcasting
 + Level 4.0 Necromancy


You had 3 spell levels left.
You knew the following spells:

 Your Spells              Type           Power      Damage    Failure   Level
a - Necrotise             Necr           52%        1d6       4%          1

Your spell library contained the following spells:

 Spells                   Type           Power      Damage    Failure   Level
 Vampiric Draining        Necr           13%        2d6       13%         3
 Animate Dead             Necr           13%        N/A       38%         4
 Agony                    Necr           13%        N/A       75%         5


Dungeon Overview and Level Annotations

Branches:
Dungeon (2/15)

Altars:


Message History

Found a hand axe.
You see here a +0 whip.
Found five items.
You see here a +0 whip.
h - a +0 whip
Found 15 gold pieces and a scroll labelled IKKIJI EKABB.
Found 7 gold pieces.
You now have 20 gold pieces (gained 4).
You now have 31 gold pieces (gained 11).
Found a scroll labelled ICOEPP VIAFIE.
Found an escape hatch in the floor.
i - a scroll labelled ICOEPP VIAFIE You now have 38 gold pieces (gained 7).
As you read the scroll labelled ICOEPP VIAFIE, it crumbles to dust.
You hear a loud clanging noise!
It was a scroll of noise.
You open the door.
An adder comes into view.
There is an open door here.
The adder hisses angrily.
The adder bites you.
You hit the adder.
The adder is lightly wounded.
The adder bites you.
You barely miss the adder.
The adder is lightly wounded.
The adder barely misses you. The adder misses you.
You hit the adder.
The adder is moderately wounded.
The adder bites you.
You are poisoned.
The adder poisons you! The adder bites you.
You hit the adder but do no damage.
The adder is moderately wounded.
* * * LOW HITPOINT WARNING * * *
You feel sick. The adder barely misses you.
You hit the adder but do no damage.
The adder is moderately wounded.
You feel sick. The adder bites you.
You die...

#.....# #.....#
#.....## #......#
#......# #......#
####......#
#..'.@S...#
#.##.....##
#.##.....#
#.############# #.#
#.......#
#.#####.......#
#####.....+.......#
#.......###.....>.#
#.................#


You could see an adder.

Vanquished Creatures
  An endoplasm (D:1)
  A kobold (D:2)
2 creatures vanquished.

Notes
Turn   | Place    | Note
-------+----------+-------------------------------------------
     0 | D:1      | Fluidstar381 the Human Necromancer began the quest for the
                  | Orb.
     0 | D:1      | Reached XP level 1. HP: 13/13 MP: 3/3
   282 | D:2      | Slain by an adder

Illustrated notes

Levels and vault maps discovered:
D:1:      saegor_arrival_simple_a, layout_loops_cross
D:2:      layout_basic, due_unseen_surprise, uniq_natasha

Action                     || total
---------------------------++-------
  Melee: Hand axe          ||    12
    Use: Scroll            ||     1
 Armour: Robe              ||     2
  Dodge: Dodged            ||     5

Table legend: (Time is in decaauts)
 A = Elapsed time spent in this place.
 B = Non-inter-level travel time spent in this place.
 C = Inter-level travel time spent in this place.
 D = Time resting spent in this place.
 E = Time spent auto-exploring this place.
 F = Levels seen in this place.
 G = Mean time per level.
                   A        B        C        D        E       F      G
               +--------+--------+--------+--------+--------+-----+--------+
         Total |    284 |    284 |      0 |      0 |      0 |   2 |  142.0 |
       Dungeon |    284 |    284 |      0 |      0 |      0 |   2 |  142.0 |
               +--------+--------+--------+--------+--------+-----+--------+

Top non-repeatable levels by time:
     D:2: 164 daAuts
     D:1: 120 daAuts
